 Dungeon Crawl Stone Soup version 0.29-a0-555-g3b24f45cc1 (webtiles) character file.

Game seed: 5359277352471213416

15 Newt the Insei (level 2, -3/21 HPs)
             Began as a Merfolk Transmuter on June 7, 2022.
             Slain by a worm (9 damage)
             ... on level 2 of the Dungeon.
             The game lasted 00:05:53 (638 turns).

Newt the Insei (Merfolk Transmuter)                  Turns: 638, Time: 00:05:53

Health: -3/21      AC:  2    Str: 14    XL:     2   Next: 50%
Magic:  5/5        EV: 13    Int: 12    God:
Gold:   35         SH:  0    Dex: 14    Spells: 4/5 levels left

rFire   . . .      SeeInvis .   g - +0 spear
rCold   . . .      Faith    .   (no shield)
rNeg    . . .      Spirit   .   a - +0 robe
rPois   +          Reflect  .   (no helmet)
rElec   .          Harm     .   (no cloak)
rCorr   .          Rampage  .   (no gloves)
Will    .....                   (no boots)
Stlth   +.........              f - amulet "Cimysk" {RegenMP rPois Str+4}
HPRegen 0.07/turn               (no ring)
MPRegen 0.49/turn               (no ring)

@: no status effects
A: (nimble swimmer 2), mertail
a: no special abilities


You were on level 2 of the Dungeon.
You visited 1 branch of the dungeon, and saw 2 of its levels.

You collected 35 gold pieces.

Inventory:

Hand Weapons
 e - a +0 club
 g - a +0 spear (weapon)
Armour
 a - a +0 robe (worn)
Jewellery
 f - the amulet "Cimysk" (around neck) {RegenMP rPois Str+4}
   (You found it on level 2 of the Dungeon)

   [amulet of magic regeneration]

   It increases your rate of magic regeneration.
   Str:       It affects your strength (+4).
   rPois:     It protects you from poison.
Scrolls
 c - a scroll of enchant weapon {unknown}
 d - a scroll of noise {unknown}
 h - a scroll of enchant armour {unknown}
Potions
 b - a potion of lignification


   Skills:
 + Level 1.1 Fighting
 + Level 0.1 Polearms
 + Level 3.0 Dodging
 + Level 3.7 Unarmed Combat
 + Level 2.1 Spellcasting
 + Level 3.0 Transmutations


You had 4 spell levels left.
You knew the following spells:

 Your Spells              Type           Power      Damage    Failure   Level
a - Beastly Appendage     Tmut           16%        N/A       8%          1

Your spell library contained the following spells:

 Spells                   Type           Power      Damage    Failure   Level
 Wereblood                Tmut           8%         N/A       12%         2
 Spider Form              Tmut/Pois      4%         N/A       41%         3
 Ice Form                 Ice/Tmut       4%         N/A       82%         4


Dungeon Overview and Level Annotations

Branches:
Dungeon (2/15)

Altars:


Innate Abilities, Weirdness & Mutations

((You are very nimble when in or above water. (Stealth+, EV+, Speed+++)))
Your lower body shifts to a powerful aquatic tail in water.


Message History

You kill the worm!
Your Transmutations skill increases to level 3!
A rat comes into view.
A giant cockroach comes into view.
The rat bites you.
You hit the rat.
The rat is moderately wounded.
The rat barely misses you.
You hit the rat.
The rat is severely wounded.
The rat bites you.
* * * LOW HITPOINT WARNING * * *
You hit the rat.
You kill the rat!
You completely miss the giant cockroach.
The giant cockroach closely misses you.
You barely miss the giant cockroach. You punch the giant cockroach.
The giant cockroach is severely wounded.
The giant cockroach bites you but does no damage.
You barely miss the giant cockroach.
The giant cockroach is severely wounded.
The giant cockroach barely misses you. x2
You hit the giant cockroach but do no damage.
The giant cockroach is severely wounded.
The giant cockroach bites you.
* * * LOW HITPOINT WARNING * * *
You hit the giant cockroach but do no damage.
The giant cockroach is severely wounded.
The giant cockroach closely misses you.
You hit the giant cockroach.
You kill the giant cockroach!
You see here a giant cockroach corpse.
You see here a +0 hand axe.
Found a stone staircase leading up.
A worm comes into view.
Found a runed dagger.
A quokka and a hobgoblin come into view.
The hobgoblin shouts!
The worm bites you!
You die...

.... ##..... .. .##. .
...# .. ##... . ...#
#...# #)..#g##. ####
#....##.#.#... # #...
.......##. #
###..###......... #
#........w....... #
#.#..# #.@...<...
########.#†.###.....r...
........†.).............
####.....)..###.##...##.
####.####..............
.....# ##..##.######.##
...### #.....# .# ..##
#...## # ..# #.###


You could see a worm, a quokka and a hobgoblin.

Vanquished Creatures
  A worm (D:2)
  An endoplasm (D:2)
  2 giant cockroaches (D:2)
  3 goblins (D:2)
  A hobgoblin (D:1)
  A kobold (D:2)
  A bat (D:1)
  A rat (D:2)
11 creatures vanquished.

Notes
Turn   | Place    | Note
-------+----------+-------------------------------------------
     0 | D:1      | Newt the Merfolk Transmuter began the quest for the Orb.
     0 | D:1      | Reached XP level 1. HP: 15/15 MP: 3/3
   132 | D:2      | Identified the amulet "Cimysk" {RegenMP rPois Str+4}
   172 | D:2      | Reached XP level 2. HP: 16/21 MP: 5/5
   638 | D:2      | Slain by a worm

Illustrated notes

Levels and vault maps discovered:
D:1:      evilmike_arrival_hilbert_curve, layout_loops_ring
D:2:      layout_rooms, chequers_ecumenical_altar_simple

Skill      XL: |  1  2 |
---------------+-------+-----
Dodging        | 3 |  3.0
Transmutations | 3 |  3.0
Fighting       | |  1.1
Polearms       | |  0.1
Unarmed Combat | |  3.7
Spellcasting   | |  2.1

Action                   || total
-------------------------++-------
Melee: Unarmed           ||    13
       Spear             ||    41
       Punch             ||     1
Armor: Robe              ||    15
Dodge: Dodged            ||    38

Table legend: (Time is in decaauts)
 A = Elapsed time spent in this place.
 B = Non-inter-level travel time spent in this place.
 C = Inter-level travel time spent in this place.
 D = Time resting spent in this place.
 E = Time spent auto-exploring this place.
 F = Levels seen in this place.
 G = Mean time per level.
                   A        B        C        D        E       F      G
               +--------+--------+--------+--------+--------+-----+--------+
         Total |    639 |    639 |      0 |    328 |      0 |   2 |  319.5 |
       Dungeon |    639 |    639 |      0 |    328 |      0 |   2 |  319.5 |
               +--------+--------+--------+--------+--------+-----+--------+

Top non-repeatable levels by time:
     D:2: 534 daAuts
     D:1: 105 daAuts
